 Dungeon Crawl Stone Soup version 0.30-a0-723-gc1506a1cf0 (webtiles) character file.

Game seed: 12136485550272684242

75413 browni3141 the Brawler (level 15, -9/149 HPs)
             Began as a Troll Berserker on Jan 28, 2023.
             Was an Elder of Trog.
             Blown up by a cacodemon (39 damage)
             ... with a bolt of energy
             ... on level 11 of the Dungeon.
             The game lasted 00:40:14 (18884 turns).

browni3141 the Brawler (Troll Berserker)           Turns: 18884, Time: 00:40:14

Health: -9/149     AC:  6    Str: 29    XL:     15   Next: 9%
Magic:  14/14      EV: 17    Int: -1 (3) God:    Trog [****..]
Gold:   924        SH: 17    Dex: 15    Spells: 14/14 levels left

rFire   . . .      SeeInvis .      - Unarmed
rCold   . . .      Faith    .    E - +0 tower shield
rNeg    . . .      Spirit   .    T - +0 troll leather armour
rPois   .          Reflect  .    (helmet restricted)
rElec   .          Harm     .    D - scarf {repulsion}
rCorr   .          Rampage  .    (gloves unavailable)
Will    ++...                    (boots unavailable)
Stlth   ++                       H - amulet of regeneration
HPRegen 2.84/turn                N - ring of willpower
MPRegen 0.14/turn                y - +5 ring of evasion

@: on berserk cooldown, hasted and slowed, lost intelligence, repel missiles,
unable to read
A: large, unfitting armour, claws 3, regeneration 1, shaggy fur 1, tough skin 1,
deterioration 1
a: Renounce Religion, Berserk, Trog's Hand, Brothers in Arms


You were on level 11 of the Dungeon.
You worshipped Trog.
Trog was greatly pleased with you.
You visited 3 branches of the dungeon, and saw 20 of its levels.
You visited 1 bazaar.
You also visited: Sewer, Ossuary and Ice Cave.

You collected 1644 gold pieces.
You spent 720 gold pieces at shops.

Inventory:

Missiles
 b - 46 poisoned darts
 u - 6 boomerangs
 z - 4 throwing nets
 A - 6 curare-tipped darts
 J - 9 javelins (quivered)
 P - 15 large rocks
 V - 6 boomerangs of dispersal
Armour
 a - a +0 animal skin
 D - a scarf of repulsion (worn)
 E - a +0 tower shield (worn)
 G - a +0 kite shield
 S - a +1 cloak
 T - a +0 troll leather armour (worn)
 W - a +1 kite shield of poison resistance
Jewellery
 p - an amulet of faith
 t - the amulet of Elemental Vulnerability {rPois rF-- rC-- AC+8}
   (You found it on level 4 of the Dungeon)

   [amulet of nothing]

   AC:        It affects your AC (+8).
   rF:        It makes you very vulnerable to fire.
   rC:        It makes you very vulnerable to cold.
   rPois:     It protects you from poison.
 v - a ring of flight
 w - a ring of resist corrosion
 y - a +5 ring of evasion (right claw)
 F - a ring of protection from fire
 H - an amulet of regeneration (around neck)
 N - a ring of willpower (left claw)
 Q - a ring of protection from cold
 R - a ring of poison resistance
 U - a ring of positive energy
 X - a ring of ice
 Y - a ring of ice
Wands
 l - a wand of flame (23)
 B - a wand of roots (5)
 C - a wand of polymorph (23)
 K - a wand of charming (3)
 M - a wand of light (4)
 O - a wand of mindburst (4)
 Z - a wand of digging (2)
Scrolls
 j - 10 scrolls of teleportation
Potions
 d - a potion of cancellation
 e - 5 potions of resistance {unknown}
 f - 6 potions of attraction {unknown}
 g - 6 potions of brilliance {unknown}
 h - 8 potions of might {unknown}
 i - 6 potions of flight
 k - 9 potions of heal wounds {unknown}
 m - 6 potions of ambrosia
 n - 10 potions of curing {unknown}
 o - a potion of berserk rage {unknown}
 q - 7 potions of degeneration {unknown}
 r - 6 potions of magic {unknown}
 s - 3 potions of lignification {unknown}
 x - 4 potions of mutation
 I - a potion of experience {unknown}
Miscellaneous
 L - a phial of floods (inert)


   Skills:
 + Level 9.7 Fighting
 + Level 9.2 Throwing
 + Level 9.7 Dodging
 - Level 2.0 Stealth
 + Level 11.7 Shields
 * Level 15.7 Unarmed Combat


You had 14 spell levels left.
You didn't know any spells.
Your spell library was empty.

Dungeon Overview and Level Annotations

Branches:
Dungeon (14/15)            Temple (0/1) D:4            Lair (5/5) D:8
  Swamp (0/4) Lair:3        Snake (1/4) Lair:2        Slime (0/5) Lair:4
    Orc (0/2) D:11          Sewer (visited)         Ossuary (visited)
  IceCv (visited)
 Vaults: D:13-14

Altars:
Ashenzari
Cheibriados
Gozag
Qazlal
Sif Muna
Trog
Uskayaw
Xom
Zin
The Shining One
Jiyva

Shops:
D:2 (   D:11 [:   D:12 [   D:13 (

Annotations:
D:1 1 transporter
D:10 1 exclusion
D:11 yumyumyeen's ghost, journeyman GnHu


Innate Abilities, Weirdness & Mutations

You are too large for most types of armour.
You have claws for hands.
Your natural rate of healing is unusually fast.
You are covered in fur. (AC +1)
You have tough skin. (AC +1)
Your body sometimes deteriorates upon taking damage.


Message History

The cacodemon is lightly wounded.
The cacodemon is knocked back by the torrent of water.
The wave splashes down.
Splash!
You fall into the shallow water.
The cacodemon is engulfed in water.
Okay, then.
Unknown command.
Unknown command.
Aiming: Bolt of Light
Press: ? - help, Shift-Dir - straight line, f/p - cacodemon
Aim: a cacodemon (lightly wounded, unaffected by silence, waterlogged, 71% to hit)
The bolt of light hits yumyumyeen's ghost.
Yumyumyeen's ghost is lightly damaged.
Yumyumyeen's ghost is blinded.
The bolt of light hits the cacodemon!
The cacodemon is lightly wounded.
The cacodemon is blinded.
Yumyumyeen's ghost hits you!!
* * * LOW HITPOINT WARNING * * *
Your body deteriorates!
You feel dopey.
Yumyumyeen's ghost says, "Do you have an apple?
I have a shot I want to try."
You block yumyumyeen's ghost's attack. You block the cacodemon's attack. x2
You block the cacodemon's attack. The cacodemon hits you!
* * * LOW HITPOINT WARNING * * *
You feel yourself speed up.
The cacodemon is no longer blind.
The cacodemon is no longer waterlogged.
You block the cacodemon's attack. x2
Aiming: Bolt of Light
Press: ? - help, Shift-Dir - straight line, f/p - cacodemon
Aim: a cacodemon (lightly wounded, 71% to hit)
The bolt of light hits the cacodemon.
The cacodemon is lightly wounded.
The cacodemon is blinded.
The cacodemon closely misses you. You block the cacodemon's attack.
There is an open translucent gate here.
The cacodemon is no longer blind.
The cacodemon gestures at you. The bolt of energy hits you!!
* * * LOW HITPOINT WARNING * * *
The cacodemon gestures at you. The bolt of energy hits you!!!
You die...

#.# #...#
#................. #.#
#...# #..........#####..
#.# #...# #.#.2..†..## #..
#.# #...# #.###'''### #..
#.# #...# #2#.......# #..
#.# #...# #.#.#...#.# #..
#.# #...# #.#...#...# #..
#.# #...# #.#§#...#.# #..
#.# #...# #@##.#§#.## #..
#.# #...# #.#.#†..#.# #..
#.# #...# #.#.~~..§.# #..
#.# #...# #.###†''### #..
#.# #...#####.#.~W....#
#.. #.#
#.........#.#§..#.# #..
#.# #.........#.......#
#..
#.######...#####.#!!.!.§.#
#.. #..........#
#.##§).§⌠## #..


You could see a cacodemon.

Vanquished Creatures
  Fannar (D:12)
  A vault guard (D:14)
  3 hydras
  A merfolk avatar (Lair:5)
  A centaur warrior (D:13)
  2 catoblepae
  A two-headed ogre (D:12)
  2 boulder beetles
  A tengu warrior (D:14)
  8 death yaks
  Urug (Lair:4)
  2 bog bodies (Lair:3)
  A sea snake (Lair:5)
  A deep elf pyromancer (D:13)
  2 manticores
  9 ugly things
  A salamander (shapeshifter) (D:11)
  4 cyclopes
  23 elephants
  Maurice (D:9)
  6 black mambas
  Maggie (D:6)
  3 ice statues (IceCv)
  2 unseen horrors
  A gargoyle (D:11)
  17 cane toads
  3 rime drakes
  2 kobold demonologists (D:12)
  10 komodo dragons
  A freezing wraith (IceCv)
  A yaktaur (shapeshifter) (D:11)
  A tengu conjurer (D:14)
  2 ice devils (D:13)
  A queen bee (Lair:3)
  3 trolls
  3 polar bears
  6 hornets
  A wind drake (Lair:5)
  23 blink frogs
  Prince Ribbit (D:8)
  9 dream sheep (Lair:5)
  2 snapping turtles (Lair:5)
  6 slime creatures
  38 yaks
  3 wraiths
  A dire elephant simulacrum (IceCv)
  A vampire (D:10)
  4 wyverns
  3 steam dragons
  2 basilisks
  Grum (D:9)
  2 neqoxecs (D:11)
  2 death yak simulacra (IceCv)
  8 vampire mosquitoes (D:13)
  A swamp worm (shapeshifter) (D:11)
  2 swamp worms (Lair:3)
  3 wargs (D:11)
  4 nagas (Lair:2)
  3 acid dragons
  A hydra simulacrum (IceCv)
  11 water moccasins
  2 orc warriors
  3 black bears
  3 ice beasts
  2 ogres
  10 wolves
  10 centaurs
  A phantom (D:7)
  A scorpion (D:5)
  12 bullfrogs
  2 gnoll sergeants
  3 kobold brigands
  A cane toad simulacrum (IceCv)
  8 wights
  32 killer bees
  An elephant simulacrum (IceCv)
  5 howler monkeys
  3 electric eels
  4 jellies
  4 hounds
  4 orc priests
  4 gnoll boudas
  5 iguanas
  Natasha (thrice) (D:2)
  9 orc wizards
  A sickly merfolk siren (Sewer)
  A wolf simulacrum (IceCv)
  A malarious merfolk avatar (Sewer)
  8 mummies (Ossuary)
  23 gnolls
  13 adders
  2 river rats (Sewer)
  2 ufetubi
  7 worms
  2 dart slugs (D:2)
  29 orcs
  A bat (D:3)
  5 endoplasms
  5 giant cockroaches
  2 gnoll zombies (Ossuary)
  12 goblins
  10 hobgoblins
  5 quokkas
  9 ball pythons
  8 frilled lizards
  2 hobgoblin zombies (Ossuary)
  14 kobolds
  2 kobold zombies (Ossuary)
  2 orc zombies (Ossuary)
  23 rats
582 creatures vanquished.

Vanquished Creatures (collateral kills)
  A vault guard (D:14)
  A boulder beetle (Lair:3)
  A komodo dragon (D:8)
  3 yaks (D:8)
  A wyvern (D:8)
  A basilisk (D:8)
  A neqoxec (D:11)
  An acid dragon (D:8)
10 creatures vanquished.

Vanquished Creatures (others)
  A wizard (D:12)
  An ugly thing (IceCv)
  An orc (D:9)
  A bush (Lair:3)
  27 fungi
  72 plants
103 creatures vanquished.

Grand Total: 695 creatures vanquished

Notes
Turn   | Place    | Note
-------+----------+-------------------------------------------
     0 | D:1      | browni3141 the Troll Berserker began the quest for the Orb.
     0 | D:1      | Reached XP level 1. HP: 22/22 MP: 0/0
   737 | D:2      | Reached XP level 2. HP: 29/29 MP: 1/1
   793 | D:2      | Noticed Natasha
   800 | D:2      | Killed Natasha
   801 | D:2      | Reached XP level 3. HP: 36/36 MP: 2/2
   849 | D:2      | Found Deuk's Antique Weapon Emporium.
   906 | D:2      | Noticed Natasha
   916 | D:2      | Killed Natasha
   921 | D:2      | Reached XP level 4. HP: 44/44 MP: 3/3
  1091 | D:2      | Reached ** piety under Trog
  1092 | D:2      | Reached skill level 4 in Unarmed Combat
  1276 | D:2      | Noticed Natasha
  1281 | D:2      | Killed Natasha
  1282 | D:2      | Reached skill level 1 in Stealth
  1771 | D:3      | Found a faded altar of an unknown god.
  1805 | D:3      | Found an opulent altar of Gozag.
  1808 | D:3      | Found a glowing silver altar of Zin.
  1821 | D:3      | Reached XP level 5. HP: 53/53 MP: 4/4
  1862 | D:3      | Found a glowing drain.
  1925 | Sewer    | Entered a sewer
  2067 | Sewer    | Reached *** piety under Trog
  2078 | Sewer    | Reached XP level 6. HP: 61/61 MP: 5/5
  2156 | Sewer    | Identified the +5 short sword of the Skies Above {flame,
                  | Drain Fly rPois}
  2358 | D:3      | Found a hide-covered altar of Uskayaw.
  2375 | D:3      | Found a snail-covered altar of Cheibriados.
  2572 | D:3      | Reached skill level 5 in Unarmed Combat
  2824 | D:4      | Found a sand-covered staircase.
  2832 | Ossuary  | Entered an ossuary
  2847 | Ossuary  | Reached **** piety under Trog
  3147 | D:4      | Found a staircase to the Ecumenical Temple.
  3278 | D:4      | Reached XP level 7. HP: 54/67 MP: 6/6
  3342 | D:4      | Found the amulet of Elemental Vulnerability {rPois rF--
                  | rC-- AC+8}
  3369 | D:4      | Found a shimmering altar of Xom.
  3373 | D:4      | Found a shimmering altar of Xom.
  3373 | D:4      | Found a shimmering altar of Xom.
  3374 | D:4      | Found a shimmering altar of Xom.
  3374 | D:4      | Found a shimmering altar of Xom.
  3377 | D:4      | Found a shimmering altar of Xom.
  3377 | D:4      | Found a shimmering altar of Xom.
  3505 | D:5      | Entered Level 5 of the Dungeon
  3664 | D:5      | Reached skill level 6 in Unarmed Combat
  4197 | D:5      | Reached XP level 8. HP: 78/78 MP: 7/7
  4421 | D:6      | Noticed Maggie
  4436 | D:6      | Killed Maggie
  4437 | D:6      | Reached skill level 1 in Throwing
  4437 | D:6      | Reached skill level 7 in Unarmed Combat
  4740 | D:6      | Identified the +6 hand axe of Conscience {flame, rN++
                  | rCorr}
  4958 | D:6      | Reached skill level 5 in Fighting
  4958 | D:6      | Reached skill level 5 in Dodging
  4958 | D:6      | Reached skill level 8 in Unarmed Combat
  4975 | D:6      | Reached XP level 9. HP: 88/88 MP: 8/8
  5352 | D:7      | Reached skill level 9 in Unarmed Combat
  5948 | D:8      | Reached XP level 10. HP: 98/98 MP: 9/9
  5950 | D:8      | Noticed a manticore
  6035 | D:8      | Reached skill level 10 in Unarmed Combat
  6041 | D:8      | Killed a manticore
  6161 | D:8      | Noticed Prince Ribbit
  6165 | D:8      | Killed Prince Ribbit
  6171 | D:8      | Reached ***** piety under Trog
  6362 | D:8      | Reached skill level 5 in Throwing
  6651 | D:8      | Reached skill level 11 in Unarmed Combat
  6681 | D:8      | Reached XP level 11. HP: 61/107 MP: 10/10
  6740 | D:8      | Found a staircase to the Lair.
  6930 | D:9      | Found a broken altar of Ashenzari.
  7017 | D:9      | Noticed Maurice
  7027 | D:9      | Killed Maurice
  7088 | D:9      | Noticed Grum
  7100 | D:9      | Killed Grum
  7423 | D:9      | Found a stormy altar of Qazlal.
  7961 | Lair:1   | Entered Level 1 of the Lair of Beasts
  8013 | Lair:1   | Reached skill level 12 in Unarmed Combat
  8244 | Lair:1   | Identified the +11 glaive of Trog's Pride {heavy, Contam
                  | rF+ Str+4} (Trog gifted it to you on level 1 of the Lair of
                  | Beasts)
  8244 | Lair:1   | Received a gift from Trog
  8365 | Lair:1   | Noticed a catoblepas
  8373 | Lair:1   | Killed a catoblepas
  8559 | Lair:1   | Reached skill level 1 in Shields
  9019 | Lair:2   | Reached XP level 12. HP: 29/119 MP: 11/11
  9143 | Lair:2   | Found a staircase to the Snake Pit.
  9211 | Lair:2   | Noticed a death yak
  9211 | Lair:2   | Noticed a death yak
  9213 | Lair:2   | Noticed a death yak
  9214 | Lair:2   | Noticed a death yak
  9233 | Lair:2   | Killed a death yak
  9234 | Lair:2   | Reached skill level 5 in Shields
  9246 | Lair:2   | Killed a death yak
  9249 | Lair:2   | Killed a death yak
  9257 | Lair:2   | Killed a death yak
 10203 | Lair:2   | Noticed a catoblepas
 10245 | Lair:2   | Killed a catoblepas
 10246 | Lair:2   | Reached skill level 10 in Shields
 10525 | Snake:1  | Entered Level 1 of the Snake Pit
 10617 | Lair:3   | Noticed an eight-headed hydra
 10777 | Lair:3   | Noticed a boulder beetle
 10794 | Lair:3   | Killed a boulder beetle
 10809 | Lair:3   | Reached XP level 13. HP: 127/127 MP: 12/12
 10892 | Lair:3   | Reached skill level 13 in Unarmed Combat
 11739 | Lair:3   | Found a staircase to the Swamp.
 12053 | Lair:4   | Found a staircase to the Slime Pits.
 12053 | Lair:4   | Found a viscous altar of Jiyva.
 12145 | Lair:4   | Noticed Urug
 12164 | Lair:4   | Killed Urug
 12664 | Lair:4   | Reached skill level 14 in Unarmed Combat
 13022 | Lair:5   | Entered Level 5 of the Lair of Beasts
 13327 | Lair:5   | Reached XP level 14. HP: 135/137 MP: 13/13
 14622 | D:10     | Entered Level 10 of the Dungeon
 14886 | D:10     | Found a shimmering blue altar of Sif Muna.
 15002 | D:10     | Identified the +6 rapier of Compassion {antimagic, Str+3
                  | Int+4}
 15227 | D:10     | Found a bloodstained altar of Trog.
 15305 | D:10     | Found a glowing golden altar of the Shining One.
 15512 | D:11     | Found Ogiwk's Book Shop.
 15549 | D:11     | Found a staircase to the Orcish Mines.
 15662 | D:11     | Found a runed translucent gate.
 15663 | D:11     | Found a runed translucent gate.
 15663 | D:11     | Found a runed translucent gate.
 15724 | D:11     | Found a gate leading to a gauntlet.
 15724 | D:11     | You fall into a shaft and drop 3 floors!
 15808 | D:14     | Found a flickering gateway to a bazaar.
 15817 | Bazaar   | Entered a bazaar
 15820 | Bazaar   | Found Wazuoju's Book Shoppe.
 15840 | Bazaar   | Found Alialuo's Assorted Antiques.
 15850 | Bazaar   | Found Kiczev's Jewellery Shop.
 15878 | Bazaar   | Found Iwoegg's Book Emporium.
 15905 | Bazaar   | Found Xaupraut's Jewellery Shop.
 15913 | Bazaar   | Bought a ring of protection from cold for 400 gold pieces
 15913 | Bazaar   | Bought a ring of poison resistance for 320 gold pieces
 15983 | D:14     | Reached skill level 15 in Unarmed Combat
 16245 | D:11     | Found a snail-covered altar of Cheibriados.
 16246 | D:11     | Found Cheibriados's Comfort Zone.
 16456 | D:13     | Found an opulent altar of Gozag.
 16611 | D:13     | Found a frozen archway.
 16624 | IceCv    | Entered an ice cave
 17050 | D:13     | Found Zogey's Weapon Shop.
 17521 | D:12     | Noticed Fannar
 17541 | D:12     | Killed Fannar
 17694 | D:12     | Found Gizel's Armour Boutique.
 18476 | D:11     | Reached XP level 15. HP: 149/149 MP: 14/14
 18820 | D:11     | Found a runed translucent gate.
 18820 | D:11     | Found a runed translucent gate.
 18826 | D:11     | Found a runed translucent gate.
 18833 | D:11     | Noticed yumyumyeen's ghost (journeyman GnHu)
 18848 | D:11     | Lost intelligence.
 18855 | D:11     | Gained mutation: Your body sometimes deteriorates upon
                  | taking damage. [a cacodemon]
 18884 | D:11     | Blown up by a cacodemon

Illustrated notes

Levels and vault maps discovered:
D:1:      spicycebolla_arrival_risky_transporter, layout_loops_ring,
          item_on_display_a
D:2:      layout_basic, serial_shops, shop, grunt_ministairs_14,
          hangedman_decor_growths, uniq_natasha
D:3:      layout_loops_ring, grunt_temple_overflow_cloverleaf,
          cheibrodos_sewer_entry_drain, ebering_ecumenical_altar_abandoned
D:4:      minmay_angry_zag, layout_cave_pools, nicolae_xom_altar_mimics,
          temple_statues, chequers_ossuary_entry_cave, minmay_misc_feat_iff
D:5:      minmay_razor_zed, layout_loops_ring, roderic_st_hans_cross
D:6:      layout_basic, chequers_serial_rivers_small_3, uniq_maggie
D:7:      minmay_general_purpose_star, layout_rooms, serial_bayou_crossing
D:8:      nzn_winding_woodlands_small [nzn_winding_woodlands_5x15_pool,
          nzn_winding_woodlands_center_garden,
          nzn_winding_woodlands_5x15_pockets], layout_cave_pools,
          erik_lair_dragon, kennysheep_doodads, minmay_misc_feat_enclosed,
          uniq_prince_ribbit1
D:9:      layout_loops_ring, ashenzari_conservatory_becter,
          mainiacjoe_overflow_chevrons, wad_floor_pattern_untrapped,
          minmay_quadrilaterals, uniq_grum, uniq_maurice
D:10:     layout_irregular_city, mainiacjoe_overflow_cross_hatched, tgw_trog,
          kennysheep_little_box
D:11:     layout_long_grid, minmay_orc_entry_guard_dogs, serial_shops, shop,
          gauntlet_entry_generic, ploomutoo_gammafunk_ghost_potion_laboratory,
          minmay_shop_chei
D:12:     cheibrodos_quadrivalence, layout_stronghold, serial_shops,
          nicolae_shop_statue_plus, uniq_fannar
D:13:     layout_loops_ring, portal_ice_cave_demonic_guard, serial_shops,
          nicolae_shop_hallway_stairs, nicolae_gozag_seed_capital
D:14:     layout_long_grid, erik_vaults_2, serial_shops, bzr_entry_dummy
Lair:1:   wander_river, layout_long_grid, dpeg_stationary_puzzle,
          grunt_megastairs_5, serial_bayou_shore_b
Lair:2:   layout_cave_pods, minmay_snake_entry_guardpost_medium,
          nicolae_lair_grazing_beasts [nicolae_sub_lair_graze_edge,
          nicolae_sub_lair_graze_edge, nicolae_sub_lair_graze_edge,
          nicolae_sub_lair_graze_edge]
Lair:3:   layout_roguey [special_room_bee], nicolae_swamp_entry_splash_gauntlet,
          hangedman_lair_generics_rect
Lair:4:   layout_regular_city, slime_entry_1, chequers_serial_rivers_marsh,
          uniq_urug
Lair:5:   gammafunk_lair_ancient_temple, layout_regular_city
Snake:1:  layout_misc_corridors, ebering_ghost_disaster_area, st_stairs_2,
          nicolae_wooded_promenade, nicolae_specific_store, serial_bayou_pond_a,
          serial_bayou_shore_b, uniq_nikola

Skill      XL: |  1  2  3  4  5  6  7  8  9 10 11 12 13 14 |
---------------+-------------------------------------------+-----
Unarmed Combat | 4 5 6 8 9 11 12 14 15 | 15.7
Fighting       | 3 4 5 6 7 8 9 |  9.7
Stealth        | 1 2 |  2.0
Dodging        | 3 4 5 6 7 8 9 |  9.7
Throwing       | 2 4 5 6 8 9 |  9.2
Shields        | 4 10 11 | 11.7

Action                     |  1- 3 |  4- 6 |  7- 9 | 10-12 | 13-15 || total
---------------------------+-------+-------+-------+-------+-------++-------
  Melee: Unarmed           |    39 |   231 |   281 |   550 |   971 ||  2072
         Punch             |     1 |     6 |     9 |    29 |       ||    45
  Throw: Dart              |       |       |       |     1 |       ||     1
         Boomerang         |       |       |       |       |    51 ||    51
         Javelin           |       |       |       |       |     8 ||     8
 Invoke: Berserk           |     2 |     4 |     4 |    14 |    15 ||    39
         Trog's Hand       |       |     1 |     1 |     3 |     4 ||     9
         Brothers in Arms  |       |       |       |     3 |     6 ||     9
  Evoke: Wand              |       |       |       |     2 |    12 ||    14
         Phial of floods   |       |       |       |       |     1 ||     1
    Use: Potion            |       |       |       |       |     3 ||     3
   Stab: Sleeping          |       |     4 |     2 |       |     5 ||    11
         Distracted        |       |       |     1 |       |       ||     1
 Armour: Animal skin       |    10 |    64 |   104 |   139 |   210 ||   527
         Skin              |       |       |       |     1 |       ||     1
         Troll leather arm |       |       |       |       |     8 ||     8
  Dodge: Dodged            |    16 |    94 |   202 |   453 |   426 ||  1191
         Repelled          |       |       |       |     2 |     7 ||     9
  Block: Tower shield      |       |       |       |    67 |   836 ||   903

Table legend: (Time is in decaauts)
 A = Elapsed time spent in this place.
 B = Non-inter-level travel time spent in this place.
 C = Inter-level travel time spent in this place.
 D = Time resting spent in this place.
 E = Time spent auto-exploring this place.
 F = Levels seen in this place.
 G = Mean time per level.
                   A        B        C        D        E       F      G
               +--------+--------+--------+--------+--------+-----+--------+
         Total |  18983 |  17964 |   1019 |   1730 |  11173 |  24 |  791.0 |
       Dungeon |  11312 |  10586 |    726 |    593 |   7085 |  14 |  808.0 |
          Lair |   6549 |   6256 |    293 |    938 |   3798 |   5 | 1309.8 |
     Snake Pit |     67 |     67 |      0 |     46 |      0 |   1 |   67.0 |
        Bazaar |    107 |    107 |      0 |      0 |      0 |   1 |  107.0 |
         Sewer |    372 |    372 |      0 |      0 |    156 |   1 |  372.0 |
       Ossuary |    192 |    192 |      0 |      0 |    108 |   1 |  192.0 |
      Ice Cave |    380 |    380 |      0 |    151 |     26 |   1 |  380.0 |
               +--------+--------+--------+--------+--------+-----+--------+

Top non-repeatable levels by time:
  Lair:2: 1693 daAuts
  Lair:3: 1361 daAuts
  Lair:4: 1237 daAuts
  Lair:5: 1234 daAuts
     D:8: 1115 daAuts
    D:12: 1068 daAuts
     D:2: 1024 daAuts
  Lair:1: 1022 daAuts
     D:9: 956 daAuts
     D:6: 913 daAuts
     D:5: 891 daAuts
    D:10: 864 daAuts
    D:13: 863 daAuts
    D:11: 830 daAuts
     D:1: 726 daAuts
